AoeStats
← Chinese Trade Bot

Arabia

510352262Analyzed
2v2 RM · 18h ago on Sep 30, 2026· 32m 30s· 4 players
Game mode
Random Map
Map size
Medium (4 player)
Population
200
Speed
Normal
Resources
Standard
Victory
Conquest
Starting age
Dark Age
Ending age
Imperial Age
RankedLock teamsTeams togetherTeam positionsShared explorationLock speedFull tech treeHidden civsTurbo modeCheats
Victory
Defeat
🇦🇹 Byzantines · Austria
761
+4
🇦🇹 Italians · Austria
746
+5
🇲🇽 Portuguese · Mexico
517
-6
🇮🇳 Britons · India
370
-3
karthiksandy19
13:00 Feudal Age
16:48 Horse Collar
19:44 Man-at-Arms
21:49 Wheelbarrow
24:35 Forging
24:26 Scale Mail Armor
24:17 Fletching
28:18 Double-Bit Axe
28:58 Arson
32:31 Castle Age
31:03 Stone Mining
31:05 Gold Mining
pacocarranza59
2:18 Loom
20:45 Feudal Age
21:40 Horse Collar
22:40 Wheelbarrow
22:23 Arson
29:02 Gold Mining
29:05 Double-Bit Axe
29:16 Stone Mining
Chinese Trade Bot
6:15 Loom
6:45 Loom
9:02 Feudal Age
13:48 Scale Mail Armor
14:03 Forging
13:48 Double-Bit Axe
16:05 Scale Mail Armor
17:57 Horse Collar
23:46 Castle Age
23:21 Stone Mining
23:24 Gold Mining
24:15 Scale Barding Armor
24:50 Bow Saw
24:41 Heavy Plow
28:41 Chain Barding Armor
30:19 Iron Casting
Aux Anschluss
13:29 Feudal Age
16:25 Double-Bit Axe
20:15 Castle Age
18:41 Double-Bit Axe
18:40 Horse Collar
20:17 Fletching
20:28 Padded Archer Armor
25:02 Crossbowman
28:03 Bow Saw
28:29 Loom
28:49 Gold Mining
32:41 Thumb Ring
32:40 Bodkin Arrow
Connection lost

Rejoining the realm…

Still unreachable

The connection could not be restored.

Session expired

The server has moved on; the page needs a fresh start.